 Dungeon Crawl Stone Soup version 0.23.2-33-g5129a83184 (webtiles) character file.

Game seed: 9864317756616318071

51 Kold the Conjurer (level 3, -5/26 HPs)
             Began as a Draconian Conjurer on July 17, 2019.
             Killed from afar by an orc wizard (9 damage)
             ... with a puff of frost
             ... on level 2 of the Dungeon.
             The game lasted 00:02:33 (992 turns).

Kold the Conjurer (Draconian Conjurer)               Turns: 992, Time: 00:02:33

Health: -5/26      AC:  6    Str: 10    XL:     3   Next: 57%
Magic:  2/6        EV: 12    Int: 16    God:
Gold:   72         SH:  0    Dex: 11    Spells: 3/6 levels left

rFire    . . .     SeeInvis .   k - +2 dagger (pain)
rCold    . . .     Gourm    .   (no shield)
rNeg     . . .     Faith    .   (armour unavailable)
rPois    .         Spirit   .   (helmet restricted)
rElec    .         Reflect  .   q - +0 cloak
rCorr    .         Harm     .   (no gloves)
MR       .....                  (no boots)
Stlth    ++........             (no amulet)
HPRegen  0.08/turn              (no ring)
MPRegen  0.10/turn              (no ring)

@: no status effects
A: unfitting armour, cold-blooded, AC +5
a: no special abilities


You were on level 2 of the Dungeon.
You were not hungry.

You visited 1 branch of the dungeon, and saw 2 of its levels.

You collected 72 gold pieces.

Inventory:

Hand Weapons
 k - a +2 dagger of pain (weapon)
Armour
 g - a +0 shield
 q - a +0 cloak (worn)
Scrolls
 a - a scroll of enchant armour {unknown}
 c - 2 scrolls of remove curse {unknown}
 e - a scroll of immolation {unknown}
 f - 4 scrolls of fog {unknown}
 h - 3 scrolls of identify {unknown}
 i - 4 scrolls of amnesia {unknown}
 j - 2 scrolls of fear {unknown}
Potions
 d - a potion of curing {unknown}
 l - 3 potions of agility {unknown}
 n - a potion of resistance {unknown}
 o - a potion of cancellation {unknown}
 p - 3 potions of might {unknown}
 r - 2 potions of brilliance {unknown}
 s - a potion of invisibility {unknown}
 t - a potion of heal wounds {unknown}
Comestibles
 b - 4 rations
 m - 4 chunks of flesh


   Skills:
 + Level 1.8 Dodging
 - Level 2.0 Stealth
 + Level 0.3 Unarmed Combat
 + Level 2.3 Spellcasting
 + Level 4.9 Conjurations


You had 3 spell levels left.
You knew the following spells:

 Your Spells              Type           Power        Failure   Level  Hunger
a - Magic Dart            Conj           ###.         2%          1    #......
b - Searing Ray           Conj           ###...       4%          2    ###....

Your spell library contained the following spells:

 Spells                   Type           Power        Failure   Level  Hunger
 Dazzling Spray           Conj/Hex       #.....       22%         3    ###....
 Iskenderun's Mystic Bla  Conj           ###.....     26%         4    #####..
 Force Lance              Conj/Tloc      #.......     58%         4    #####..
 Fulminant Prism          Conj/Hex       #.........   58%         4    #####..


Dungeon Overview and Level Annotations

Branches:
Dungeon (2/15)

Altars:
Elyvilon


Innate Abilities, Weirdness & Mutations

Your plain brown scales are hard. (AC +5)
You cannot fit into any form of body armour.
You are cold-blooded and may be slowed by cold attacks.


Message History

Aim: an orc priest, wielding a +0 club and wearing a +0 leather armour The searing ray hits the orc priest.
The orc priest is lightly wounded. (Press . to maintain the ray.)
The orc priest calls upon Beogh to heal the orc priest.
The orc priest's wounds heal themselves!
The orc priest calls upon Beogh to heal the orc priest.
The orc priest's wounds heal themselves!
The searing ray misses the orc priest.
The orc priest closely misses you.
The orc wizard points at you and mumbles some strange words.
The puff of flame hits you. The orc priest hits you with a +0 club.
The searing ray hits the orc priest!
The orc priest is heavily wounded.
The orc priest mumbles some strange prayers to Beogh against you.
Pain shoots through your body!
Ouch! That really hurt!
* * * LOW HITPOINT WARNING * * *
The orc wizard points at you and mumbles some strange words.
The puff of frost hits you!
You die...

.# ###.........#.†.÷...........
.# #...(.###..##......÷†.#.....
###.......##
##.###..#......#...#
#.......#####..##.###..........
#.........................)....
#.........#....................
.......#.<.....?.......#.#.....
#............ooo.#####.#.#.....
#....#. .....#@..# #.#.#.....
.... #...# #......... ... #...#
#.#.##.... .o #.### #.#.######
. #.# #.#.# #.. ..# #.. #..#
#..#


You could see 2 orc priests and an orc wizard.

Vanquished Creatures
  An ooze (D:1)
  3 dart slugs
  4 leopard geckos (D:1)
  5 bats
  A giant cockroach (D:2)
  4 goblins
  2 hobgoblins
  8 kobolds
  A frilled lizard (D:2)
  5 rats
  A plant (D:1)
35 creatures vanquished.

Notes
Turn   | Place    | Note
-------+----------+-------------------------------------------
     0 | D:1      | Kold the Draconian Conjurer began the quest for the Orb.
     0 | D:1      | Reached XP level 1. HP: 14/14 MP: 3/3
    72 | D:1      | Reached XP level 2. HP: 20/20 MP: 0/5
   517 | D:1      | Reached XP level 3. HP: 20/26 MP: 0/6
   677 | D:2      | Found a white marble altar of Elyvilon.
   979 | D:2      | Learned a level 2 spell: Searing Ray
   992 | D:2      | Killed from afar by an orc wizard

Skill      XL: |  1  2 |
---------------+-------+-----
Stealth        | 2 |  2.0
Dodging        | |  1.8
Unarmed Combat | |  0.3
Spellcasting   | |  2.3
Conjurations   | |  4.9

Action                   || total
-------------------------++-------
Melee: Unarmed           ||     9
       Tailslap          ||     5
       Dagger            ||    30
 Cast: Magic Dart        ||    50
       Searing Ray       ||     1
  Eat: Chunk             ||     1
Armor: Skin              ||     7
Dodge: Dodged            ||    14
